 Dungeon Crawl Stone Soup version 0.30-a0-793-g160f7cfddd (webtiles) character file.

Game seed: 1573073023992577982

1066 browni3141 the Geomancer (level 8, 0/38 (56) HPs)
             Began as a Formicid Earth Elementalist on Feb 20, 2023.
             Slain by a wyvern (12 damage)
             ... on level 9 of the Dungeon.
             The game lasted 00:12:47 (5104 turns).

browni3141 the Geomancer (FoEE)                     Turns: 5104, Time: 00:12:47

HP:   0/38 (56)     AC:  6    Str: 13    XL:     8   Next: 53%
MP:   5/12          EV: 12    Int: 17    God:
Gold: 267           SH:  0    Dex: 14    Spells: 5/13 levels left

rFire   . . .      SeeInvis +    B - +2 short sword (venom)
rCold   . . .      Faith    .    (no shield)
rNeg    . . .      Spirit   .    y - +1 steam dragon scales
rPois   .          Reflect  .    (helmet unavailable)
rElec   .          Harm     .    (no cloak)
rCorr   .          Rampage  .    (no gloves)
Will    .....                    (no boots)
Stlth   +++                      r - amulet of magic regeneration
HPRegen 0.26/turn                (no ring)
MPRegen 0.53/turn                (no ring)

@: very slightly contaminated, very heavily drained
A: permanent stasis, dig shafts and tunnels, antennae 3, four strong arms
a: Dig, Shaft Self


You were on level 9 of the Dungeon.
You visited 1 branch of the dungeon, and saw 8 of its levels.
You also visited: Sewer.

You collected 267 gold pieces.

Inventory:

Hand Weapons
 i - a +0 hand axe
 o - a +0 dagger
 t - a +2 dagger of holy wrath
 v - a +1 whip of draining
 A - a +0 short sword of draining
 B - a +2 short sword of venom (weapon)
 H - the +5 mace "Uliakaxt" {vamp, rPois SInv Stlth+}
   (You found it on level 5 of the Dungeon)

   rPois:     It protects you from poison.
   SInv:      It lets you see invisible.
   Stlth:     It makes you more stealthy.
Missiles
 D - 2 curare-tipped darts
Armour
 a - a +0 robe
 c - a +0 ring mail
 p - a +0 scale mail
 y - +1 steam dragon scales (worn)
Jewellery
 r - an amulet of magic regeneration (around neck)
 J - an amulet of reflection
Scrolls
 d - 3 scrolls of blinking
 j - a scroll of magic mapping
 q - 2 scrolls of noise {unknown}
 u - a scroll of fog {unknown}
 x - a scroll of teleportation {unknown}
 E - 3 scrolls of amnesia {unknown}
 G - a scroll of immolation {unknown}
 I - a scroll of silence {unknown}
Potions
 b - a potion of magic
 e - 4 potions of might {unknown}
 k - 2 potions of cancellation {unknown}
 l - 2 potions of curing
 m - 2 potions of attraction {unknown}
 n - a potion of lignification {unknown}
 s - 2 potions of haste {unknown}
 w - 2 potions of ambrosia {unknown}
 z - a potion of brilliance {unknown}
 C - a potion of mutation {unknown}
 F - a potion of invisibility {unknown}


   Skills:
 - Level 2.0 Fighting
 * Level 1.8 Maces & Flails
 - Level 4.0 Armour
 - Level 2.0 Dodging
 * Level 4.5 Stealth
 - Level 3.0 Spellcasting
 - Level 3.0 Conjurations
 - Level 2.0 Transmutations
 - Level 8.0 Earth Magic


You had 5 spell levels left.
You knew the following spells:

 Your Spells              Type           Power      Damage    Failure   Level
a - Sandblast             Erth           58%        2d13      1%          1
b - Stone Arrow           Conj/Erth      42%        3d9       5%          3
c - Petrify               Tmut/Erth      19%        N/A       22%         4

Your spell library contained the following spells:

 Spells                   Type           Power      Damage    Failure   Level
 Passwall                 Tmut/Erth      15%        N/A       3%          2
 Sting                    Tmut/Pois      20%        1d4       12%         1
 Apportation              Tloc           4%         N/A       17%         1
 Necrotise                Necr           8%         1d4       17%         1
 Summon Small Mammal      Summ           8%         N/A       17%         1
 Poisonous Vapours        Pois/Air       4%         N/A       26%         2
 Olgreb's Toxic Radiance  Pois           2%         N/A       86%         4


Dungeon Overview and Level Annotations

Branches:
Dungeon (9/15)              Sewer (visited)
 Temple: D:4-7         Lair: D:8-11         Orc: D:9-12

Altars:
Qazlal
Wu Jian
Yredelemnul


Innate Abilities, Weirdness & Mutations

You cannot be hasted, slowed, berserked, paralysed or teleported.
You can dig through walls and to a lower floor.
You have a pair of large antennae on your head. (SInv)
Your four strong arms can wield two-handed weapons with a shield.


Message History

The wyvern resists with significant effort.
Casting: Petrify (quite dangerous; 22% risk of failure)
Confirm with . or Enter, or press ? or * to list all spells.
The spell is quite dangerous to miscast (22% risk of failure)!
Continue anyway?
Aiming: Petrify (quite dangerous; 22% risk of failure)
Press: ? - help, Shift-Dir - straight line, f/p - wyvern
Aim: a wyvern (chance to affect: 51%)
The wyvern resists with significant effort.
The wyvern closely misses you.
Casting: Petrify (quite dangerous; 22% risk of failure)
Confirm with . or Enter, or press ? or * to list all spells.
The spell is quite dangerous to miscast (22% risk of failure)!
Continue anyway?
Aiming: Petrify (quite dangerous; 22% risk of failure)
Press: ? - help, Shift-Dir - straight line, f/p - wyvern
Aim: a wyvern (chance to affect: 51%)
You miscast Petrify.
You are very lightly contaminated with residual magic.
Multicoloured lights dance before your eyes.
The wyvern barely misses you.
You closely miss the wyvern. The wyvern barely misses you. x2
You hit the wyvern.
The wyvern is lightly wounded.
You hear the faint creaking of a very distant portcullis.
The wyvern bites you!
You hit the wyvern but do no damage.
The wyvern is lightly wounded.
The wyvern barely misses you. The wyvern closely misses you.
You hit the wyvern.
The wyvern is lightly wounded.
The wyvern bites you.
You hit the wyvern but do no damage.
The wyvern is poisoned.
The wyvern is lightly wounded.
The wyvern completely misses you. The wyvern bites you.
You barely miss the wyvern.
The wyvern is lightly wounded.
The wyvern bites you!
You hit the wyvern but do no damage.
The wyvern looks as sick as possible!
The wyvern is moderately wounded.
The wyvern bites you. The wyvern bites you!
You die...

,,,,**,,,,,,,,** ***,,*,,,,,,,*
,,,,,,,,,..,,** *,,,,**,,,,,**
,,,,,,,,,...********,**,,*,,,,**,
,,,,,,,,,...#*,,*,,***{,,**,,**,,
,****,,,,....#,,,,,*,,,*,,+,**,,*
,*,,**,,*#.....***,***##*********
**_,,*****,....##### *.#*<*,,,,**
**,,,,** *,,*#.l...###.#..,..,*,,
,***,,,****,***#@#.......,...,*,,
,,***,,,***,* ##.#....####>..,,,,
,,,*∩*,,,*,,* #.............,*,**
*,,,***,,,,** ##............,,**
**,,,***,,,* #.#......#.,,,**
**,,,,**,,* ####....##*,***
**,,_***** #..<.# *** **,,*
###.## **** #.#


You could see a wyvern (extremely poisoned).

Vanquished Creatures
  A steam dragon (D:4)
  A sky beast (D:5)
  A black bear (D:5)
  2 kobold brigands (Sewer)
  A scorpion (D:4)
  A jelly (D:5)
  5 orc priests
  2 hounds
  2 iguanas
  Natasha (D:3)
  2 orc wizards
  4 adders
  A shadow imp (D:5)
  2 white imps
  An ufetubus (D:5)
  2 worms (D:5)
  3 dart slugs
  18 orcs
  6 bats
  4 endoplasms
  4 giant cockroaches
  2 goblins
  8 hobgoblins
  5 jackals (D:1)
  18 kobolds
  5 quokkas
  9 ball pythons
  2 frilled lizards
  8 rats
121 creatures vanquished.

Notes
Turn   | Place    | Note
-------+----------+-------------------------------------------
     0 | D:1      | browni3141 the Formicid Earth Elementalist began the quest
                  | for the Orb.
     0 | D:1      | Reached XP level 1. HP: 13/13 MP: 3/3
   149 | D:1      | Reached skill level 1 in Fighting
   203 | D:1      | Reached XP level 2. HP: 21/21 MP: 3/5
   378 | D:1      | You fall into a shaft and drop 1 floor!
   462 | D:2      | Reached skill level 4 in Earth Magic
   462 | D:2      | Reached XP level 3. HP: 27/27 MP: 3/6
  1745 | D:1      | Learned a level 3 spell: Stone Arrow
  1884 | D:3      | Reached XP level 4. HP: 33/33 MP: 5/7
  1935 | D:3      | Noticed Natasha
  2056 | D:3      | Reached skill level 5 in Earth Magic
  2064 | D:3      | Reached XP level 5. HP: 38/38 MP: 5/8
  2252 | D:3      | Killed Natasha
  2525 | D:3      | Reached skill level 1 in Conjurations
  2525 | D:3      | Reached XP level 6. HP: 28/44 MP: 6/9
  2684 | D:4      | Found an ornate altar of the Wu Jian Council.
  2982 | D:4      | Found a basalt altar of Yredelemnul.
  3104 | D:4      | Reached skill level 6 in Earth Magic
  3104 | D:4      | Reached XP level 7. HP: 41/50 MP: 8/10
  3323 | D:4      | Noticed a steam dragon
  3463 | D:4      | Killed a steam dragon
  3641 | D:5      | Entered Level 5 of the Dungeon
  3696 | D:5      | Found a glowing drain.
  3712 | Sewer    | Entered a sewer
  3841 | Sewer    | Reached skill level 7 in Earth Magic
  4034 | D:5      | Reached skill level 8 in Earth Magic
  4034 | D:5      | Reached XP level 8. HP: 47/56 MP: 9/11
  4395 | D:5      | Identified the +5 mace "Uliakaxt" {vamp, rPois SInv Stlth+}
  4451 | D:5      | Reached skill level 1 in Maces & Flails
  4523 | D:5      | Learned a level 4 spell: Petrify
  4688 | D:5      | You fall into a shaft and drop 3 floors!
  4929 | D:7      | Found a stormy altar of Qazlal.
  5093 | D:9      | Noticed a wyvern
  5104 | D:9      | Slain by a wyvern

Illustrated notes

Levels and vault maps discovered:
D:1:      nicolae_arrival_memento_mori, layout_basic, minmay_bisected
D:2:      layout_basic, serial_glass, glass_columns_c, glass_columns_a,
          glass_columns_a, glass_columns_a, glass_columns_a, glass_columns_a,
          glass_columns_b, glass_columns_c, glass_columns_c, glass_columns_c,
          glass_columns_b, glass_columns_c, glass_columns_c, glass_columns_c
D:3:      layout_basic, nicolae_titane, uniq_natasha
D:4:      layout_loops_cross, mainiacjoe_overflow_alcove_4,
          nicolae_wu_jian_wuxing_cycle, hex_tiny
D:5:      layout_loops_cross, portal_sewer_entry_f, minmay_joined_circles
D:7:      minmay_polygon_palace, layout_loops_ring, slow_altar_2,
          fedhas_altar_fruit_tree, mainiacjoe_overflow_cross_hatched,
          nicolae_figureground_pulse
D:8:      layout_rooms, marbit_many_paths, uniq_psyche
D:9:      minmay_razor_zed, layout_cave_pools,
          nzn_overflow_gifts_of_might_and_magic, enter_bailey_5,
          ebering_ghost_disaster_area, minmay_misc_feat_roman,
          nicolae_shop_firing_range

Skill      XL: |  1  2  3  4  5  6  7  8 |
---------------+-------------------------+-----
Fighting       | 1 2 |  2.0
Earth Magic    | 4 5 6 8 |  8.0
Armour         | 3 4 |  4.0
Conjurations   | 1 2 3 |  3.0
Dodging        | 2 |  2.0
Stealth        | 4 |  4.5
Transmutations | 2 |  2.0
Maces & Flails | 1 |  1.8
Spellcasting   | 3 |  3.0

Action                     |  1- 3 |  4- 6 |  7- 9 || total
---------------------------+-------+-------+-------++-------
  Melee: Unarmed           |    12 |       |       ||    12
         Dagger            |       |     9 |       ||     9
         Whip              |       |     8 |    10 ||    18
         Short sword       |       |       |    37 ||    37
         Mace              |       |       |     5 ||     5
  Throw: Stone             |     3 |       |       ||     3
   Cast: Sandblast         |    47 |    65 |   102 ||   214
         Petrify           |       |       |     7 ||     7
         Stone Arrow       |       |       |     2 ||     2
Ability: Dig               |       |       |     1 ||     1
         Shaft Self        |       |       |     1 ||     1
    Use: Potion            |       |       |     1 ||     1
         Scroll            |       |       |     8 ||     8
 Armour: Robe              |     3 |       |       ||     3
         Ring mail         |     3 |       |       ||     3
         Scale mail        |     2 |    19 |    11 ||    32
         Steam dragon scal |       |       |    37 ||    37
  Dodge: Dodged            |    27 |    24 |    93 ||   144

Table legend: (Time is in decaauts)
 A = Elapsed time spent in this place.
 B = Non-inter-level travel time spent in this place.
 C = Inter-level travel time spent in this place.
 D = Time resting spent in this place.
 E = Time spent auto-exploring this place.
 F = Levels seen in this place.
 G = Mean time per level.
                   A        B        C        D        E       F      G
               +--------+--------+--------+--------+--------+-----+--------+
         Total |   5238 |   5002 |    236 |    614 |   3169 |   9 |  582.0 |
       Dungeon |   4903 |   4667 |    236 |    614 |   2965 |   8 |  612.9 |
         Sewer |    334 |    334 |      0 |      0 |    204 |   1 |  334.0 |
               +--------+--------+--------+--------+--------+-----+--------+

Top non-repeatable levels by time:
     D:1: 1151 daAuts
     D:4: 1091 daAuts
     D:3: 873 daAuts
     D:2: 694 daAuts
     D:5: 672 daAuts
   Sewer: 334 daAuts
     D:7: 228 daAuts
     D:9: 105 daAuts
     D:8: 87 daAuts
